 Dungeon Crawl Stone Soup version 0.30-a0-1176-gcdfb0321a8 (webtiles) character file.

Game seed: 11810207725813766270

150 Lavandula the Gusty (level 5, 0/35 HPs)
             Began as a Mummy Air Elementalist on Apr 30, 2023.
             Slain by an orc
             ... wielding a +0 morningstar
              (10 damage)
             ... on level 3 of the Dungeon.
             The game lasted 00:04:51 (2584 turns).

Lavandula the Gusty (Mummy Air Elementalist)        Turns: 2584, Time: 00:04:53

Health: 0/35       AC:  2    Str: 11    XL:     5   Next: 10%
Magic:  4/9        EV: 12    Int: 17    God:
Gold:   216        SH:  0    Dex: 12    Spells: 3/9 levels left

rFire   x . .        b - +2 short sword (venom)
rCold   + + .        (no shield)
rNeg    + + +        a - +0 robe
rPois   ∞            (no helmet)
rElec   .            (no cloak)
rCorr   .            (no gloves)
SInv    .            (no boots)
Will    .....        (no amulet)
Stlth   ++           c - ring of protection from cold
HPRegen 0.25/turn    (no ring)
MPRegen 0.11/turn

%: faith
@: no status effects
A: cold resistance 1, negative energy resistance 3, torment resistance 2, heat
vulnerability 1, in touch with death 1, no potions, faith
a: no special abilities


You were on level 3 of the Dungeon.
You visited 1 branch of the dungeon, and saw 3 of its levels.

You collected 216 gold pieces.

Inventory:

Hand Weapons
 b - a +2 short sword of venom (weapon)
Missiles
 e - 4 poisoned darts
 f - 4 boomerangs
Armour
 a - a +0 robe (worn)
Jewellery
 c - a ring of protection from cold (left hand)
 n - a ring of fire
Wands
 i - a wand of roots (3)
 m - a wand of polymorph (6)
Scrolls
 d - a scroll of magic mapping {unknown}
 g - 3 scrolls of poison {unknown}
 h - a scroll of fog {unknown}
 j - a scroll of immolation {unknown}
 k - 3 scrolls of identify {unknown}
 l - a scroll of teleportation {unknown}
 o - a scroll of fear {unknown}


   Skills:
 + Level 3.1 Short Blades
 - Level 1.5 Dodging
 - Level 1.5 Stealth
 - Level 2.6 Spellcasting
 - Level 0.7 Conjurations
 - Level 3.4 Air Magic


You had 3 spell levels left.
You knew the following spells:

 Your Spells              Type           Power      Damage    Failure   Level
a - Shock                 Conj/Air       36%        1d5       8%          1
b - Static Discharge      Conj/Air       18%        2-3/arc   12%         2
c - Swiftness             Air            14%        N/A       13%         3

Your spell library contained the following spells:

 Spells                   Type           Power      Damage    Failure   Level
 Airstrike                Air            7%         2d(1-17)  41%         4
 Animate Armour           Summ/Erth      4%         N/A       87%         4
 Iron Shot                Conj/Erth      1%         9d1       100%        6
 Blade Hands              Tmut           Unusable   N/A       N/A         5

Dungeon Overview and Level Annotations

Branches:
Dungeon (3/15)

Altars:

Shops:
D:3 !


Innate Abilities, Weirdness & Mutations

You are immune to poison.
Your flesh is cold resistant. (rC+)
You are immune to negative energy. (rN+++)
You are immune to unholy pain and torment.
You are vulnerable to heat. (rF-)
You are in touch with the powers of death.
You do not drink.
You have a special connection with the divine. (Faith)


Message History

You kill the orc!
The frilled lizard bites you.
There is an open door, spattered with blood here.
Things that are here:
a +0 dagger; a +0 leather armour of positive energy You hit the frilled lizard.
You kill the frilled lizard!
An orc comes into view. It is wielding a +0 dagger.
Found a ring mail.
You see here a lumpy green potion.
You barely miss the orc.
An orc comes into view. It is wielding a +0 morningstar.
The orc hits you with a +0 dagger.
You hit the orc.
The orc is poisoned.
The orc is heavily wounded.
You kill the orc!
The orc drinks a potion.
The orc flickers and vanishes!
Deactivating autopickup; reactivate with Ctrl-A.
No target in view!
No target in view!
No target in view!
You see here a lumpy green potion.
An orc comes into view. It is wielding a +0 dagger.
There is an open door, spattered with blood here.
Things that are here:
a +0 dagger; a +0 leather armour of positive energy You close the door, pushing everything out of the way.
You start resting.
Something unseen opens the door.
Something hits you. Something hits you! Something hits you.
Okay, then.
Casting: Shock (safe; 8% risk of failure)
Confirm with . or Enter, or press ? or * to list all spells.
Something is struck by an arc of lightning.
You are struck by an arc of lightning.
* * * LOW HITPOINT WARNING * * *
The lightning grounds out.
Something hits you!
You die...

####.####...##.... ..[
o. #.# ###.##.... ..
... ####.#
#..+....#)###... #....#
#.##....).......
#.#######
..#...........#
#.......#
####...!.....##
#.#####.#
######..[...###
#.#####.###...####o####
#.##............@{..#
#.##.##.###...####.##
#.##.##.# ##.## #..#
#....†..# #.# ##.#
#.##.#### #.# .# #.##.#
###.######.##
#.##.#####.).........#
..##........#######..#
#########...# #..#


You could see an orc.

Vanquished Creatures
  Terence (D:3)
  3 adders
  3 worms (D:2)
  3 dart slugs
  2 orcs (D:3)
  6 ball pythons
  8 endoplasms
  6 giant cockroaches
  14 goblins
  6 hobgoblins
  3 jackals (D:2)
  12 bats
  5 frilled lizards
  3 kobolds
  3 rats
78 creatures vanquished.

Notes
Turn   | Place    | Note
-------+----------+-------------------------------------------
     0 | D:1      | Lavandula the Mummy Air Elementalist began the quest for
                  | the Orb.
     0 | D:1      | Reached XP level 1. HP: 13/13 MP: 4/4
   239 | D:1      | Reached XP level 2. HP: 19/19 MP: 2/5
   403 | D:1      | Learned a level 2 spell: Static Discharge
   775 | D:1      | Gained mutation: You are in touch with the powers of death.
                  | [Mummy growth]
   775 | D:1      | Reached XP level 3. HP: 22/24 MP: 7/7
  1170 | D:2      | Reached skill level 1 in Short Blades
  1244 | D:2      | Learned a level 3 spell: Swiftness
  1486 | D:2      | Reached XP level 4. HP: 30/30 MP: 3/8
  2006 | D:3      | Found Saibbint's Distillery.
  2281 | D:3      | Noticed Terence
  2296 | D:3      | Killed Terence
  2321 | D:3      | Reached XP level 5. HP: 18/35 MP: 9/9
  2584 | D:3      | Slain by an orc

Illustrated notes

Levels and vault maps discovered:
D:1:      erik_arrival_blinker_ship, layout_basic, minmay_three_crescents
D:2:      layout_basic
D:3:      layout_loops_ring, dreamdust_ecumenical_altar_sealed_demon,
          serial_shops, shop, kennysheep_potato, uniq_terence,
          uniq_crazy_yiuf_cottage

Skill      XL: |  1  2  3  4 |
---------------+-------------+-----
Air Magic      | 3 |  3.4
Short Blades   | 1 3 |  3.1
Dodging        | |  1.5
Stealth        | |  1.5
Spellcasting   | |  2.6
Conjurations   | |  0.7

Action                     |  1- 3 |  4- 6 || total
---------------------------+-------+-------++-------
  Melee: Unarmed           |     2 |       ||     2
         Punch             |     2 |       ||     2
         Dagger            |     9 |       ||     9
         Short sword       |    42 |    70 ||   112
   Cast: Shock             |    41 |     6 ||    47
         Swiftness         |       |     1 ||     1
         Static Discharge  |       |     1 ||     1
  Evoke: Wand              |       |     1 ||     1
   Stab: Sleeping          |     2 |     2 ||     4
         Distracted        |     1 |       ||     1
 Armour: Robe              |    14 |    13 ||    27
  Dodge: Dodged            |    37 |    42 ||    79

Table legend: (Time is in decaauts)
 A = Elapsed time spent in this place.
 B = Non-inter-level travel time spent in this place.
 C = Inter-level travel time spent in this place.
 D = Time resting spent in this place.
 E = Time spent auto-exploring this place.
 F = Levels seen in this place.
 G = Mean time per level.
                   A        B        C        D        E       F      G
               +--------+--------+--------+--------+--------+-----+--------+
         Total |   2572 |   2524 |     48 |    155 |   1870 |   3 |  857.3 |
       Dungeon |   2572 |   2524 |     48 |    155 |   1870 |   3 |  857.3 |
               +--------+--------+--------+--------+--------+-----+--------+

Top non-repeatable levels by time:
     D:1: 1161 daAuts
     D:2: 810 daAuts
     D:3: 600 daAuts
